 Dungeon Crawl Stone Soup version 0.29.0-4-gdea44cf6ec (webtiles) character file.

Game seed: 15292831199550967689

611 qw the Chopper (level 7, 0/41 HPs)
             Began as a Tengu Warper on Aug 28, 2022.
             Was an Initiate of Okawaru.
             Slain by Duvessa
             ... wielding a +0 short sword
              (3 damage)
             ... on level 4 of the Dungeon.
             The game lasted 00:00:25 (4321 turns).

qw the Chopper (Tengu Warper)                       Turns: 4321, Time: 00:00:25

Health: 0/41       AC:  9    Str: 14    XL:     7   Next: 44%
Magic:  11/11      EV:  7    Int: 13    God:    Okawaru [......]
Gold:   214        SH:  0    Dex: 13    Spells: 10/10 levels left

rFire   . . .      SeeInvis .   Y - +1 hand axe (flame)
rCold   . . .      Faith    .   (no shield)
rNeg    . . .      Spirit   .   k - +0 chain mail
rPois   +          Reflect  .   (helmet restricted)
rElec   .          Harm     .   e - +0 cloak
rCorr   .          Rampage  .   (no gloves)
Will    +....                   (boots unavailable)
Stlth   ..........              (no amulet)
HPRegen 0.13/turn               j - ring of willpower
MPRegen 0.12/turn               b - ring "Huibap" {rPois Slay+5}

@: about to teleport, flying quickly and evasively, quick
A: beak, talons 3, nimble flight
a: Renounce Religion


You were on level 4 of the Dungeon.
You worshipped Okawaru.
Okawaru was noncommittal.
You visited 2 branches of the dungeon, and saw 5 of its levels.

You collected 214 gold pieces.


Innate Abilities, Weirdness & Mutations

You have a beak for a mouth.
You have claws for feet.
Your magical nature lets you fly swiftly and evasively.


   Skills:
 - Level 3.5 Fighting
 + Level 7.9 Axes
 - Level 1.0 Throwing
 - Level 2.2 Armour
 - Level 2.1 Dodging
 - Level 2.0 Spellcasting
 - Level 2.4 Translocations


You had 10 spell levels left.
You didn't know any spells.
Your spell library contained the following spells:

 Spells                   Type           Power      Damage    Failure   Level
 Blink                    Tloc           14%        N/A       98%         2
 Gell's Gravitas          Tloc           7%         N/A       100%        3
 Lesser Beckoning         Tloc           7%         N/A       100%        3
 Teleport Other           Tloc           7%         N/A       100%        3
 Manifold Assault         Tloc           7%         N/A       100%        5

Inventory:

Hand Weapons
 Y - a +1 hand axe of flaming (weapon)
Armour
 e - a +0 cloak (worn)
 k - a +0 chain mail (worn)
Jewellery
 b - the ring "Huibap" (right hand) {rPois Slay+5}
   (You acquired it on level 1 of the Dungeon)

   [ring of poison resistance]

   Slay:      It affects your accuracy & damage with ranged weapons and melee
   (+5).
   rPois:     It protects you from poison.
 j - a ring of willpower (left hand)
Scrolls
 a - 2 scrolls of identify
Potions
 c - a potion of mutation {unknown}
 h - a potion of curing

Dungeon Overview and Level Annotations

Branches:
Dungeon (4/15)             Temple (1/1) D:4

Altars:
Ashenzari
Elyvilon
Fedhas
Gozag
Kikubaaqudgha
Okawaru
Qazlal
Sif Muna
Trog
Vehumet
Xom
Zin
The Shining One

Annotations:
D:4 Duvessa


Message History

Dowan shouts!
You hear a shout!
Duvessa, Sister of Dowan comes into view.
She is wielding a +0 short sword.
Duvessa shouts!
You hear a shout!
Dowan smirks and points a slender finger.
A goblin comes into view. It is wielding a +0 dagger.
The goblin shouts!
You hit Dowan. You burn Dowan. Your kick misses Dowan.
Dowan is lightly wounded.
Dowan hits you but does no damage.
You hit Dowan. You burn Dowan. Your kick misses Dowan.
Dowan is moderately wounded.
Duvessa says, "When magic and the sword combine, nothing stands against them."
Dowan closely misses you.
You hit Dowan. You burn Dowan. You claw Dowan, but do no damage.
You peck Dowan!
Dowan is severely wounded.
You barely miss Duvessa. You claw Duvessa. You peck Duvessa.
Duvessa is lightly wounded.
You hit Dowan but do no damage. You claw Dowan. You punch Dowan.
You kill Dowan!
Okawaru accepts your kill.
Duvessa weeps, and shakes her weapon.
Duvessa goes berserk!
You closely miss Duvessa. Duvessa hits you with a +0 short sword!
You barely miss Duvessa. You claw Duvessa.
Duvessa is lightly wounded.
You slash the goblin! You burn the goblin.
You kill the goblin!
Okawaru accepts your kill. Duvessa hits you with a +0 short sword!
Duvessa hits you with a +0 short sword.
You barely miss Duvessa. You peck Duvessa, but do no damage.
Duvessa is lightly wounded.
Duvessa hits you with a +0 short sword.
You barely miss Duvessa. You claw Duvessa.
Duvessa is moderately wounded.
Duvessa hits you with a +0 short sword!
4321 ||| READING scroll of teleportation.
As you read the scroll of teleportation, it crumbles to dust.
You feel strangely unstable. Duvessa hits you with a +0 short sword.
You die...

#.##.## #........
#.##.## #.......
#.##)## #......
#.#.... #####.....#
#.#.... #.........#
#.#.... #.........#
#.#.... #.....)e).#
#.#.... #......@.#
#.#....
######........#
#.#....
#.............#
#.#....
#...........###
#.#.... #...........#
#.#.... #........%..#
#.#.... ####...#.###
#.##### #...#.# #.#
#..
#####.#############.#
#..


You could see Duvessa (berserk).

Vanquished Creatures
  Sigmund (D:2)
  An ogre (D:4)
  Dowan (D:4)
  An orc priest (D:4)
  2 iguanas
  An orc wizard (D:4)
  Terence (D:3)
  3 adders
  8 gnolls
  A worm (D:3)
  4 dart slugs
  8 orcs (D:4)
  6 endoplasms
  2 giant cockroaches
  4 goblins
  8 hobgoblins
  6 kobolds
  4 quokkas
  12 ball pythons
  6 bats
  3 frilled lizards (D:3)
  6 rats
89 creatures vanquished.

Notes
Turn   | Place    | Note
-------+----------+-------------------------------------------
     0 | D:1      | qw the Tengu Warper began the quest for the Orb.
     0 | D:1      | Reached XP level 1. HP: 12/12 MP: 4/4
     0 | D:1      | 0 ||| qw: Version: 0.1-a-89-g26bdef1
     0 | D:1      | 0 ||| qw: Game counter: 917
     0 | D:1      | 0 ||| qw: Always use a shield: true
     0 | D:1      | 0 ||| qw: God list: Okawaru
     0 | D:1      | 0 ||| qw: Allow faded altars: false
     0 | D:1      | 0 ||| qw: Do Orc after D:15 true
     0 | D:1      | 0 ||| qw: Do second Lair branch before Depths: true
     0 | D:1      | 0 ||| qw: Lair rune preference: random
     0 | D:1      | 0 ||| qw: Plans: Normal
     0 | D:1      | 0 ||| PLANNING D:1-11
   209 | D:1      | Reached XP level 2. HP: 17/17 MP: 6/6
   215 | D:1      | Reached skill level 3 in Axes
   395 | D:1      | Found a faded altar of an unknown god.
   833 | D:1      | 833 ||| Stepping ~*~*~tactically~*~*~ (stealth).
   835 | D:1      | 835 ||| Stepping ~*~*~tactically~*~*~ (stealth).
  1114 | D:1      | Reached XP level 3. HP: 21/21 MP: 7/7
  1247 | D:1      | 1247 ||| UPGRADING to +0 cloak.
  1252 | D:1      | 1252 ||| UPGRADING to +0 chain mail.
  1262 | D:1      | 1262 ||| DROPPING +0 leather armour.
  1263 | D:1      | 1263 ||| UPGRADING to ring of willpower.
  1264 | D:1      | 1264 ||| READING 3 scrolls labelled ITUJ QONASOTUS.
  1265 | D:1      | 1265 ||| READING 2 scrolls labelled RETYEWOALUR.
  1270 | D:1      | 1270 ||| READING scroll labelled NOCWEO ICEAMM.
  1270 | D:1      | Identified a scroll of acquirement
  1270 | D:1      | 1270 ||| ACQUIRING ring "Huibap" {rPois Slay+5}
  1270 | D:1      | Acquired the ring "Huibap" {rPois Slay+5}
  1272 | D:1      | 1272 ||| UPGRADING to ring "Huibap" {rPois Slay+5}.
  1273 | D:1      | 1273 ||| READING scroll labelled BIPEDA ZUAWAW.
  1274 | D:1      | 1274 ||| DROPPING +0 whip.
  1275 | D:1      | 1275 ||| DRINKING 2 golden potions.
  1276 | D:1      | 1276 ||| READING 2 scrolls of identify.
  1276 | D:1      | 1276 ||| IDENTIFYING brown potion
  1277 | D:1      | 1277 ||| DROPPING scroll of blinking.
  1278 | D:1      | 1278 ||| DROPPING potion of brilliance.
  1362 | D:2      | Reached skill level 4 in Axes
  1378 | D:2      | Noticed Sigmund
  1387 | D:2      | Killed Sigmund
  1388 | D:2      | Reached skill level 6 in Axes
  1388 | D:2      | Reached XP level 4. HP: 12/26 MP: 8/8
  1388 | D:2      | Gained mutation: Your magical nature lets you fly swiftly
                  | and evasively. [Tengu growth]
  1388 | D:2      | Reached XP level 5. HP: 14/30 MP: 9/9
  1720 | D:2      | 1720 ||| Stepping ~*~*~tactically~*~*~ (hiding).
  1787 | D:2      | 1787 ||| Stepping ~*~*~tactically~*~*~ (hiding).
  1799 | D:2      | HP: 7/30 [gnoll/+0 whip (1)]
  1800 | D:2      | Reached XP level 6. HP: 9/35 MP: 10/10
  1803 | D:2      | 1803 ||| READING scroll of teleportation.
  2057 | D:2      | 2057 ||| Stepping ~*~*~tactically~*~*~ (stealth).
  2601 | D:2      | 2601 ||| READING scroll labelled DEAZ WEDYGI.
  2650 | D:3      | 2650 ||| STAIRDANCE
  2843 | D:3      | Noticed Terence
  2844 | D:3      | 2844 ||| Stepping ~*~*~tactically~*~*~ (stealth).
  2853 | D:3      | Killed Terence
  2854 | D:3      | Reached skill level 7 in Axes
  3050 | D:3      | Found a stormy altar of Qazlal.
  3188 | D:3      | Found a shimmering blue altar of Sif Muna.
  3254 | D:3      | 3254 ||| READING scroll labelled PEPIQA FUCOOD.
  3255 | D:3      | 3255 ||| DRINKING 2 bubbling emerald potions.
  3299 | D:3      | 3299 ||| READING 2 scrolls of identify.
  3299 | D:3      | 3299 ||| IDENTIFYING pink potion
  3300 | D:3      | 3300 ||| DROPPING potion of lignification.
  3544 | D:4      | Reached skill level 3 in Fighting
  3544 | D:4      | Reached XP level 7. HP: 41/41 MP: 11/11
  3584 | D:4      | 3584 ||| Stepping ~*~*~tactically~*~*~ (stealth).
  3587 | D:4      | 3587 ||| Stepping ~*~*~tactically~*~*~ (hiding).
  3595 | D:4      | HP: 6/41 [gnoll/+0 vampiric spear (7)]
  3596 | D:4      | 3596 ||| READING 2 scrolls of teleportation.
  3597 | D:4      | 3597 ||| DRINKING potion of heal wounds.
  3690 | D:4      | 3690 ||| Stepping ~*~*~tactically~*~*~ (stealth).
  3692 | D:4      | 3692 ||| Stepping ~*~*~tactically~*~*~ (stealth).
  3694 | D:4      | 3694 ||| Stepping ~*~*~tactically~*~*~ (hiding).
  3872 | D:4      | Found a radiant altar of Vehumet.
  3891 | D:4      | Found a staircase to the Ecumenical Temple.
  3892 | D:4      | 3892 ||| PLANNING TEMPLE
  3892 | D:4      | 3892 ||| READING scroll labelled ADECLY NIRIO.
  3901 | Temple   | Entered the Ecumenical Temple
  3918 | Temple   | Became a worshipper of Warmaster Okawaru
  4000 | Temple   | 4000 ||| PLANNING D:1-11
  4309 | D:4      | Noticed Dowan
  4311 | D:4      | Noticed Duvessa
  4317 | D:4      | Killed Dowan
  4320 | D:4      | HP: 3/41 [Duvessa/+0 short sword (10)]
  4321 | D:4      | 4321 ||| READING scroll of teleportation.
  4321 | D:4      | Slain by Duvessa

Levels and vault maps discovered:
D:1:      nicolae_arrival_somewhat_less_tricky_arrival, layout_basic,
          shapermc_ecumenical_altar_flowoftime
D:2:      layout_basic, serial_park_tiny_1, st_stairs_8, uniq_sigmund
D:3:      layout_rooms, lemuel_blue_sif_altar, nicolae_qazlal_eye_of_the_storm,
          moated_statue, uniq_terence
D:4:      layout_basic, mainiacjoe_overflow_concentric_impassable,
          minmay_temple_entry_statues_fountains, uniq_duvessa
Temple:   compressed_dpeg_circular_temple

Skill      XL: |  1  2  3  4  5  6 |
---------------+-------------------+-----
Axes           | 3 6 7 |  7.9
Armour         | 2 |  2.2
Fighting       | 3 |  3.5
Throwing       | |  1.0
Dodging        | |  2.1
Spellcasting   | |  2.0
Translocations | |  2.4

Action                   |  1- 3 |  4- 6 |  7- 9 || total
-------------------------+-------+-------+-------++-------
Melee: Hand axe          |    62 |    66 |    47 ||   175
       Kick              |    10 |    14 |    15 ||    39
       Peck              |     6 |    10 |     5 ||    21
       Punch             |     1 |       |     2 ||     3
Throw: Boomerang         |     7 |       |       ||     7
  Use: Scroll            |     5 |     4 |     3 ||    12
       Potion            |     1 |     1 |     1 ||     3
Armor: Leather armour    |    11 |       |       ||    11
       Chain mail        |     5 |    17 |    13 ||    35
Dodge: Dodged            |    28 |    11 |    13 ||    52

Table legend:
 A = Non-vault XP
 B = Vault XP
 C = Vault XP percentage of total XP
 D = Non-vault monster count
 E = Vault monster count
 F = Vault count percentage of total count
                 A         B        C        D         E       F
            +---------+---------+-------+---------+---------+-------
      Total |     561 |     313 |  35.8 |      85 |       4 |   4.5
            +---------+---------+-------+---------+---------+-------
        D:1 |      34 |       0 |   0.0 |      21 |       0 |   0.0
        D:2 |     106 |     216 |  67.1 |      20 |       2 |   9.1
        D:3 |      79 |      36 |  31.3 |      18 |       1 |   5.3
        D:4 |     342 |      61 |  15.1 |      26 |       1 |   3.7
            +---------+---------+-------+---------+---------+-------
